 Dungeon Crawl Stone Soup version 0.28-a0-461-g2dc4ca5097 (webtiles) character file.

Game seed: 17674567382955471061

79 sleeves the Conjurer (level 4, 0/33 HPs)
             Began as a Human Wanderer on Sept 13, 2021.
             Was an Initiate of Sif Muna.
             Slain by a hound (4 damage)
             ... on level 4 of the Dungeon.
             The game lasted 00:05:55 (4627 turns).

sleeves the Conjurer (Human Wanderer)               Turns: 4627, Time: 00:05:56

Health: 0/33       AC:  2    Str: 12    XL:     4   Next: 62%
Magic:  3/8        EV: 11    Int: 10    God:    Sif Muna [......]
Gold:   144        SH:  0    Dex: 16    Spells: 8/9 levels left

rFire   . . .      SeeInvis .   a - +0 dagger
rCold   . . .      Faith    .   (no shield)
rNeg    . . .      Spirit   .   b - +0 robe
rPois   .          Reflect  .   (no helmet)
rElec   .          Harm     .   (no cloak)
rCorr   .          Rampage  .   (no gloves)
Will    .....                   (no boots)
Stlth   +.........              (no amulet)
HPRegen 0.11/turn               (no ring)
MPRegen 0.11/turn               (no ring)

@: no status effects
A: no striking features
a: Renounce Religion


You were on level 4 of the Dungeon.
You worshipped Sif Muna.
Sif Muna was noncommittal.
You visited 1 branch of the dungeon, and saw 4 of its levels.

You collected 144 gold pieces.

Inventory:

Hand Weapons
 a - a +0 dagger (weapon)
Armour
 b - a +0 robe (worn)
 m - a +0 buckler
   (You found it on level 4 of the Dungeon)
Scrolls
 c - 2 scrolls of teleportation
 d - a scroll of summoning {unknown}
 e - 4 scrolls of identify {unknown}
 f - 2 scrolls of fear {unknown}
 i - 2 scrolls of blinking {unknown}
 k - a scroll of enchant armour {unknown}
Potions
 g - a potion of heal wounds {unknown}
 h - 4 potions of curing {unknown}
 j - a potion of berserk rage {unknown}
 l - a potion of attraction {unknown}


   Skills:
 - Level 2.0 Fighting
 - Level 1.0 Armour
 - Level 1.0 Shields
 - Level 3.0 Spellcasting
 * Level 3.8 Conjurations
 - Level 2.0 Summonings
 - Level 1.0 Evocations


You had 8 spell levels left.
You knew the following spells:

 Your Spells              Type           Power      Damage    Failure   Level
a - Magic Dart            Conj           36%        1d4       6%          1

Your spell library contained the following spells:

 Spells                   Type           Power      Damage    Failure   Level
 Call Imp                 Summ           5%         N/A       19%         2
 Conjure Flame            Conj/Fire      5%         6-21      36%         3
 Dazzling Flash           Conj/Hex       10%        N/A       36%         3
 Blink                    Tloc           N/A        N/A       38%         2
 Ensorcelled Hibernation  Hex/Ice        2%         N/A       38%         2
 Slow                     Hex            1%         N/A       38%         2
 Mephitic Cloud           Conj/Pois/Air  4%         N/A       45%         3
 Tukima's Dance           Hex            1%         N/A       63%         3
 Cause Fear               Hex            0%         N/A       95%         4
 Dragon Form              Tmut           0%         N/A       100%        7
 Dragon's Call            Summ           2%         N/A       100%        9


Dungeon Overview and Level Annotations

Branches:
Dungeon (4/15)
 Temple: D:4-7

Altars:
Ashenzari
Hepliaklqana
Kikubaaqudgha
Nemelex Xobeh
Sif Muna
Uskayaw
Yredelemnul
Zin
The Shining One


Message History

An endoplasm comes into view.
The endoplasm quivers.
The endoplasm moves out of view.
Found a stone staircase leading down.
Found 21 bolts.
An endoplasm is nearby!
An endoplasm is nearby!
Okay, then.
The magic dart hits the endoplasm but does no damage.
The magic dart hits the endoplasm.
The endoplasm is moderately wounded.
You miscast Magic Dart.
You are very lightly contaminated with residual magic.
Nothing appears to happen.
The magic dart hits the endoplasm.
The endoplasm is almost dead.
The endoplasm freezes you.
You are frozen.
The magic dart hits the endoplasm.
You kill the endoplasm!
You can't see any susceptible monsters within range! (Use Z to cast anyway.)
Okay, then.
You start resting.
Your magical contamination has completely faded away.
Magic restored.
HP restored.
i - a scroll labelled QIQEICL BANUAWK You open the door.
A ball python comes into view.
A ball python is nearby!
A ball python is nearby!
You miscast Magic Dart.
You are very lightly contaminated with residual magic.
Nothing appears to happen.
The magic dart hits the ball python.
The ball python is severely wounded.
The ball python hisses angrily.
The magic dart hits the ball python.
You kill the ball python!
You can't see any susceptible monsters within range! (Use Z to cast anyway.)
You can't see any susceptible monsters within range! (Use Z to cast anyway.) No target in view!
No target in view!
Your magical contamination has completely faded away.
A bat comes into view.
A bat is nearby!
A bat is nearby!
A bat is nearby!
The bat hits you.
The magic dart hits the bat.
The bat is moderately wounded.
The bat hits you. x2
The magic dart hits the bat.
You kill the bat!
You can't see any susceptible monsters within range! (Use Z to cast anyway.)
You can't see any susceptible monsters within range! (Use Z to cast anyway.)
There is a stone staircase leading down here.
There is an open door here.
A ball python comes into view.
Found a murky puce potion.
A ball python is nearby!
A ball python is nearby!
A ball python is nearby!
The magic dart hits the ball python.
The ball python is moderately wounded.
The ball python hisses angrily.
The magic dart hits the ball python.
You kill the ball python!
You have reached level 3!
Your experience leads to an increase in your attributes!
Increase (S)trength, (I)ntelligence, or (D)exterity?
You feel clever.
You see here a ball python corpse.
j - a murky puce potion A goblin comes into view.
It is wielding a +0 dagger.
A goblin is nearby!
A goblin is nearby!
The magic dart hits the goblin.
The goblin is moderately wounded.
You can't see any susceptible monsters within range! (Use Z to cast anyway.)
You can't see any susceptible monsters within range! (Use Z to cast anyway.)
You can't see any susceptible monsters within range! (Use Z to cast anyway.)
A goblin is nearby!
A goblin is nearby!
A goblin is nearby!
The magic dart hits the goblin.
You kill the goblin!
You can't see any susceptible monsters within range! (Use Z to cast anyway.)
You can't see any susceptible monsters within range! (Use Z to cast anyway.)
A frilled lizard comes into view.
A frilled lizard is nearby!
A frilled lizard is nearby!
A frilled lizard is nearby!
Found a stone staircase leading down.
The magic dart hits the frilled lizard.
You kill the frilled lizard!
You can't see any susceptible monsters within range! (Use Z to cast anyway.)
You can't see any susceptible monsters within range! (Use Z to cast anyway.)
You now have 36 gold pieces (gained 12).
Things that are here:
a +0 dagger; a goblin corpse You open the door.
There is an open door here.
There is a stone staircase leading down here.
As you open the door, it creaks loudly! As you open the door, it creaks loudly!
There is an open door here.
As you open the door, it creaks loudly!
There is an open door here.
Found a hunting sling.
h - 2 blue potions (gained 1)
You open the door.
There is an open door here.
You open the door.
There is an open door here.
Found 20 stones.
A rat comes into view.
The rat moves out of view.
A rat is nearby!
The magic dart hits the rat.
The rat is heavily wounded.
The magic dart hits the rat.
You kill the rat!
You can't see any susceptible monsters within range! (Use Z to cast anyway.)
There is an open door here.
There is a shaft here.
There is an open door here.
You see here a +0 dagger.
A kobold comes into view. It is wielding a +0 short sword.
A kobold is nearby!
A kobold is nearby!
A kobold is nearby!
The magic dart hits the kobold.
The kobold is severely wounded.
The kobold shouts!
The magic dart hits the kobold but does no damage.
The kobold is severely wounded.
The magic dart hits the kobold but does no damage.
The kobold is severely wounded.
The magic dart hits the kobold.
You kill the kobold!
Found an escape hatch in the floor.
Found a leather armour.
Done exploring.
Done exploring.
You can't see any susceptible monsters within range! (Use Z to cast anyway.) Done exploring.
Done exploring.
(D) Dungeon
Where to? (? - help)
There is a stone staircase leading down here.
You climb downwards.
There is a stone staircase leading up here.
An endoplasm comes into view.
An endoplasm is nearby!
An endoplasm is nearby!
The magic dart hits the endoplasm.
The endoplasm is moderately wounded.
The endoplasm quivers.
The magic dart hits the endoplasm.
The endoplasm is heavily wounded.
The magic dart hits the endoplasm but does no damage.
The endoplasm is heavily wounded.
The endoplasm freezes you.
You are frozen.
The magic dart hits the endoplasm.
You kill the endoplasm!
Magic restored.
HP restored.
Found a faded altar of an unknown god.
You open the door.
A kobold comes into view. It is wielding a +0 short sword.
The magic dart hits the kobold.
The kobold is severely wounded.
The kobold shouts!
The magic dart hits the kobold.
You kill the kobold!
You can't see any susceptible monsters within range! (Use Z to cast anyway.)
You can't see any susceptible monsters within range! (Use Z to cast anyway.)
There is an open door here.
Things that are here:
a +0 short sword; a kobold corpse
Found a stone staircase leading down.
You open the door.
There is an open door here.
You open the door.
There is an open door here.
There is an open door here.
There is a stone staircase leading down here.
There is an open door here.
A giant cockroach comes into view.
A giant cockroach is nearby!
A giant cockroach is nearby!
The magic dart hits the giant cockroach.
The giant cockroach is heavily wounded.
The magic dart hits the giant cockroach.
The giant cockroach is severely wounded.
The magic dart hits the giant cockroach but does no damage.
The giant cockroach is severely wounded.
The magic dart hits the giant cockroach.
You kill the giant cockroach!
A rat comes into view.
A rat is nearby!
A rat is nearby!
A rat is nearby!
A rat is nearby!
The magic dart hits the rat but does no damage.
The magic dart hits the rat.
The rat is moderately wounded.
You miscast Magic Dart.
You are very lightly contaminated with residual magic.
Nothing appears to happen.
* * * LOW MAGIC WARNING * * *
The rat closely misses you.
You hit the rat.
You kill the rat!
No target in view!
No target in view!
Your magical contamination has completely faded away.
Found a hand axe.
You now have 52 gold pieces (gained 16).
You open the door. You open the door.
A kobold comes into view. It is wielding a +0 short sword.
The kobold shouts!
There is an open door here.
A kobold is nearby!
A kobold is nearby!
The magic dart hits the kobold.
The kobold is heavily wounded.
The magic dart hits the kobold.
You kill the kobold!
You can't see any susceptible monsters within range! (Use Z to cast anyway.)
You can't see any susceptible monsters within range! (Use Z to cast anyway.)
You can't see any susceptible monsters within range! (Use Z to cast anyway.)
You see here a +0 short sword.
A goblin comes into view. It is wielding a +0 club.
A goblin is nearby!
A goblin is nearby!
A goblin is nearby!
The magic dart hits the goblin.
You kill the goblin!
You can't see any susceptible monsters within range! (Use Z to cast anyway.)
You can't see any susceptible monsters within range! (Use Z to cast anyway.)
You can't see any susceptible monsters within range! (Use Z to cast anyway.)
You can't see any susceptible monsters within range! (Use Z to cast anyway.)
Things that are here:
a +0 club; a goblin corpse
Found a short sword.
You see here a +0 short sword.
You open the door.
There is an open door here.
A bat comes into view.
Found 11 gold pieces.
A bat is nearby!
The magic dart hits the bat.
The bat is heavily wounded.
The bat hits you but does no damage.
The magic dart hits the bat.
The bat is severely wounded.
The bat hits you but does no damage. x2
The magic dart hits the bat.
You kill the bat!
You can't see any susceptible monsters within range! (Use Z to cast anyway.)
A hobgoblin comes into view.
A hobgoblin is nearby!
A hobgoblin is nearby!
A hobgoblin is nearby!
The magic dart hits the hobgoblin.
The hobgoblin is severely wounded.
The magic dart hits the hobgoblin.
The hobgoblin is almost dead.
The magic dart hits the hobgoblin.
You kill the hobgoblin!
You can't see any susceptible monsters within range! (Use Z to cast anyway.)
i - 2 scrolls labelled QIQEICL BANUAWK (gained 1)
You see here a hobgoblin corpse.
You now have 64 gold pieces (gained 12).
You now have 75 gold pieces (gained 11).
You now have 80 gold pieces (gained 5).
An endoplasm comes into view.
The endoplasm quivers.
An endoplasm is nearby!
An endoplasm is nearby!
The magic dart hits the endoplasm but does no damage.
The magic dart hits the endoplasm.
The endoplasm is almost dead.
The magic dart hits the endoplasm but does no damage.
The endoplasm is severely wounded.
The magic dart hits the endoplasm but does no damage.
The endoplasm is severely wounded.
The magic dart hits the endoplasm.
You kill the endoplasm!
A goblin comes into view. It is wielding a +0 club.
A goblin is nearby!
A goblin is nearby!
A goblin is nearby!
The magic dart hits the goblin.
The goblin is almost dead.
The goblin shouts!
The magic dart hits the goblin.
You kill the goblin!
You can't see any susceptible monsters within range! (Use Z to cast anyway.)
You can't see any susceptible monsters within range! (Use Z to cast anyway.)
You can't see any susceptible monsters within range! (Use Z to cast anyway.) Key pressed, stopping explore.
A bat comes into view.
Found a scroll labelled KIS SAEBA.
A bat is nearby!
A bat is nearby!
A bat is nearby!
The magic dart hits the bat.
The bat is moderately wounded.
The bat misses you.
The magic dart hits the bat.
You kill the bat!
You can't see any susceptible monsters within range! (Use Z to cast anyway.)
You can't see any susceptible monsters within range! (Use Z to cast anyway.)
e - 2 scrolls labelled KIS SAEBA (gained 1)
Found a leather armour.
You see here a +0 leather armour.
You see here a +0 club.
You open the door.
There is an open door here.
You open the door.
There is an open door here.
You now have 87 gold pieces (gained 7).
Found a stone staircase leading up.
You open the door.
There is an open door here.
Found a stone staircase leading down.
You can't see any susceptible monsters within range! (Use Z to cast anyway.)
A hobgoblin comes into view.
A hobgoblin is nearby!
A hobgoblin is nearby!
A hobgoblin is nearby!
The magic dart hits the hobgoblin.
The hobgoblin is heavily wounded.
The hobgoblin shouts!
The magic dart hits the hobgoblin.
You kill the hobgoblin!
Your Conjurations skill increases to level 3!
You can't see any susceptible monsters within range! (Use Z to cast anyway.)
You can't see any susceptible monsters within range! (Use Z to cast anyway.)
You can't see any susceptible monsters within range! (Use Z to cast anyway.)
Found a long sword.
You open the door.
There is an open door here.
Found a stone staircase leading up.
There is a stone staircase leading up here.
Found a stone staircase leading down.
Found a robe.
There is an open door here.
Key pressed, stopping explore.
There is an open door here.
Key pressed, stopping explore.
Done exploring.
Done exploring.
Unknown command.
Unknown command.
(D) Dungeon
Where to? (Enter - D:2, ? - help)
You see here a +0 club.
There is an open door here.
There is an open door here.
There is a stone staircase leading down here.
You climb downwards.
There is a stone staircase leading up here.
An adder is nearby!
An adder is nearby!
An adder is nearby!
An adder is nearby!
You miscast Magic Dart.
You are very lightly contaminated with residual magic.
Nothing appears to happen.
You climb upwards.
There is a stone staircase leading down here.
Your magical contamination has completely faded away.
Magic restored.
There is an open door here.
There is a stone staircase leading down here.
You climb downwards.
Found 9 gold pieces.
Found a stone staircase leading up.
There is a stone staircase leading up here.
Found a stone staircase leading down.
You now have 96 gold pieces (gained 9).
Found 21 stones.
There is a stone staircase leading down here.
k - a scroll labelled MUELEU MYDAENA
Found a robe.
A rat comes into view.
A rat is nearby!
The magic dart hits the rat.
You kill the rat!
You can't see any susceptible monsters within range! (Use Z to cast anyway.)
You can't see any susceptible monsters within range! (Use Z to cast anyway.) Magic restored.
Found 13 bolts.
Found an escape hatch in the ceiling.
Found a stone staircase leading down.
There is a stone staircase leading down here.
Found an escape hatch in the floor.
Found a basalt altar of Yredelemnul.
h - 3 blue potions (gained 1)
Found 6 boomerangs.
A ball python comes into view.
A ball python is nearby!
A ball python is nearby!
A ball python is nearby!
The magic dart hits the ball python.
The ball python is severely wounded.
The ball python hisses angrily.
The magic dart hits the ball python.
You kill the ball python!
You can't see any susceptible monsters within range! (Use Z to cast anyway.)
You can't see any susceptible monsters within range! (Use Z to cast anyway.)
You now have 106 gold pieces (gained 10).
An endoplasm comes into view.
An endoplasm is nearby!
An endoplasm is nearby!
An endoplasm is nearby!
The magic dart hits the endoplasm.
The endoplasm is lightly wounded.
The endoplasm quivers.
You miscast Magic Dart.
You are very lightly contaminated with residual magic.
Nothing appears to happen.
The magic dart hits the endoplasm.
The endoplasm is heavily wounded.
The magic dart hits the endoplasm.
You kill the endoplasm!
You can't see any susceptible monsters within range! (Use Z to cast anyway.)
You can't see any susceptible monsters within range! (Use Z to cast anyway.)
Your magical contamination has completely faded away.
e - 3 scrolls labelled KIS SAEBA (gained 1)
e - 4 scrolls labelled KIS SAEBA (gained 1)
Found a shimmering blue altar of Sif Muna.
Found a hazy altar of Hepliaklqana.
Found a war axe.
Found a hide-covered altar of Uskayaw and a broken altar of Ashenzari.
Found 12 gold pieces.
Found a glowing silver altar of Zin.
You now have 119 gold pieces (gained 13).
Found a sparkling altar of Nemelex Xobeh.
You pick up a book of Maledictions and begin reading...
You add the spells Ensorcelled Hibernation and Tukima's Dance to your library.
There is a shimmering blue altar of Sif Muna here.
You now have 131 gold pieces (gained 12).
There is a hazy altar of Hepliaklqana here.
There is a fountain of clear blue water here.
There is a glowing silver altar of Zin here.
There is a shimmering blue altar of Sif Muna here.
You kneel at the altar of Sif Muna.
Sif Muna welcomes you!
There is a broken altar of Ashenzari here.
A worm comes into view.
A worm is nearby!
A worm is nearby!
A worm is nearby!
The magic dart hits the worm.
The worm is lightly wounded.
The magic dart hits the worm.
The worm is lightly wounded.
You miscast Magic Dart.
You are very lightly contaminated with residual magic.
Nothing appears to happen.
You miscast Magic Dart.
Nothing appears to happen.
You miscast Magic Dart.
Nothing appears to happen.
The magic dart hits the worm.
The worm is moderately wounded.
The magic dart hits the worm but does no damage.
The worm is lightly wounded.
* * * LOW MAGIC WARNING * * *
You are too depleted to draw on your mana recklessly!
You are too depleted to draw on your mana recklessly!
There is a stone staircase leading up here.
Okay, then.
You climb upwards.
There is a stone staircase leading down here.
You hit the worm but do no damage. The worm closely misses you.
Your magical contamination has completely faded away.
There is an open door here.
There is an open door here.
Which direction?
You close the door.
You close the door.
You open the door.
You close the door.
There is a stone staircase leading down here.
You start resting.
Magic restored.
You climb downwards.
There is a stone staircase leading up here.
Okay, then.
A bat comes into view.
A bat is nearby!
A bat is nearby!
A bat is nearby!
The magic dart hits the bat.
You kill the bat!
Sif Muna accepts your kill.
You can't see any susceptible monsters within range! (Use Z to cast anyway.)
You can't see any susceptible monsters within range! (Use Z to cast anyway.)
You can't see any susceptible monsters within range! (Use Z to cast anyway.) Magic restored.
A kobold comes into view. It is wielding a +0 dagger.
The kobold shouts!
A kobold is nearby!
A kobold is nearby!
A kobold is nearby!
The magic dart hits the kobold.
The kobold is severely wounded.
The magic dart hits the kobold but does no damage.
The kobold is severely wounded.
The magic dart hits the kobold.
You kill the kobold!
Sif Muna accepts your kill.
You can't see any susceptible monsters within range! (Use Z to cast anyway.)
You can't see any susceptible monsters within range! (Use Z to cast anyway.)
Things that are here:
a +0 dagger; a kobold corpse An adder is nearby!
An adder is nearby!
The magic dart hits the adder but does no damage.
You can't see any susceptible monsters within range! (Use Z to cast anyway.)
The magic dart hits the adder.
The adder is moderately wounded.
The magic dart hits the adder but does no damage.
The adder is moderately wounded.
The magic dart hits the adder.
The adder is heavily wounded.
The magic dart hits the adder.
The adder is almost dead.
The adder bites you.
The magic dart hits the adder.
You kill the adder!
Sif Muna accepts your kill.
You have reached level 4!
You feel agile.
HP restored.
You see here an adder corpse.
You see here 13 bolts.
Key pressed, stopping explore.
Found a stone staircase leading down.
You now have 135 gold pieces (gained 4).
You see here 13 bolts.
Found an ancient bone altar of Kikubaaqudgha.
Done exploring.
(D) Dungeon
Where to? (Enter - D:2 @ (x,y), ? - help)
There is a stone staircase leading down here.
You climb downwards.
There is a stone staircase leading up here.
You open the door.
A kobold comes into view. It is wielding a +0 short sword.
A kobold is nearby!
A kobold is nearby!
The magic dart hits the kobold.
You kill the kobold!
Sif Muna accepts your kill.
You can't see any susceptible monsters within range! (Use Z to cast anyway.)
You can't see any susceptible monsters within range! (Use Z to cast anyway.)
You can't see any susceptible monsters within range! (Use Z to cast anyway.) Magic restored.
There is an open door here.
You open the door.
An adder skeleton comes into view.
Found 18 stones and a viscous black potion.
An adder skeleton is nearby!
An adder skeleton is nearby!
The magic dart hits the adder skeleton.
The adder skeleton is lightly damaged.
The magic dart hits the adder skeleton.
The adder skeleton is moderately damaged.
The magic dart hits the adder skeleton.
The adder skeleton is moderately damaged.
The magic dart hits the adder skeleton.
The adder skeleton is severely damaged.
An adder skeleton is nearby!
An adder skeleton is nearby!
An adder skeleton is nearby!
The magic dart hits the adder skeleton.
The adder skeleton is almost destroyed.
The magic dart hits the adder skeleton.
You destroy the adder skeleton!
Sif Muna accepts your kill.
You can't see any susceptible monsters within range! (Use Z to cast anyway.)
There is an open door here.
A hobgoblin comes into view.
You see here 18 stones.
A hobgoblin is nearby!
A hobgoblin is nearby!
A hobgoblin is nearby!
The magic dart hits the hobgoblin.
The hobgoblin is heavily wounded.
The hobgoblin shouts!
The magic dart hits the hobgoblin but does no damage.
The hobgoblin is heavily wounded.
The magic dart hits the hobgoblin.
The hobgoblin is almost dead.
You miscast Magic Dart.
You are very lightly contaminated with residual magic.
Nothing appears to happen.
A hobgoblin is nearby!
A hobgoblin is nearby!
The magic dart hits the hobgoblin.
You kill the hobgoblin!
Sif Muna accepts your kill.
You can't see any susceptible monsters within range! (Use Z to cast anyway.)
Your magical contamination has completely faded away.
l - a viscous black potion
Found a robe.
You open the door.
There is an open door here.
A hobgoblin comes into view.
A hobgoblin is nearby!
You miscast Magic Dart.
You are very lightly contaminated with residual magic.
Nothing appears to happen.
The magic dart hits the hobgoblin.
The hobgoblin is heavily wounded.
The hobgoblin misses you.
The magic dart hits the hobgoblin.
The hobgoblin is severely wounded.
The hobgoblin hits you.
The magic dart hits the hobgoblin.
You kill the hobgoblin!
Sif Muna accepts your kill.
You can't see any susceptible monsters within range! (Use Z to cast anyway.)
Your magical contamination has completely faded away.
HP restored.
You open the door.
There is an open door here.
h - 4 blue potions (gained 1)
Found a stone staircase leading down.
There is a stone staircase leading down here.
As you open the door, it creaks loudly!
A ball python and a dart slug come into view.
Found 9 gold pieces.
There are monsters nearby!
There are monsters nearby!
The magic dart hits the dart slug but does no damage.
The magic dart hits the dart slug but does no damage.
The magic dart hits the dart slug.
The dart slug is heavily wounded.
The dart slug launches a dart at you. The slug dart hits you.
The magic dart hits the ball python.
You kill the ball python!
Sif Muna accepts your kill. The dart slug launches a dart at you.
The slug dart hits you.
The magic dart hits the dart slug but does no damage.
The dart slug is heavily wounded.
You miscast Magic Dart.
You are very lightly contaminated with residual magic.
Nothing appears to happen.
The magic dart hits the dart slug.
The dart slug is almost dead.
* * * LOW MAGIC WARNING * * *
The magic dart hits the dart slug.
You kill the dart slug!
Sif Muna accepts your kill.
* * * LOW MAGIC WARNING * * *
You are too depleted to draw on your mana recklessly!
You are too depleted to draw on your mana recklessly!
Your magical contamination has completely faded away.
There is an open door here.
You now have 144 gold pieces (gained 9).
You open the door.
There is an open door here.
You open the door.
Found 15 stones.
There is an open door here.
A kobold skeleton comes into view.
The kobold skeleton moves out of view.
A kobold skeleton is nearby!
A kobold skeleton is nearby!
The magic dart hits the kobold skeleton.
The kobold skeleton is severely damaged.
The magic dart hits the kobold skeleton.
You destroy the kobold skeleton!
Sif Muna accepts your kill.
You can't see any susceptible monsters within range! (Use Z to cast anyway.)
You can't see any susceptible monsters within range! (Use Z to cast anyway.)
A gnoll comes into view. It is wielding a +0 whip.
The gnoll shouts!
A gnoll is nearby!
The magic dart hits the gnoll.
The gnoll is lightly wounded.
There is an open door here.
The magic dart hits the gnoll but does no damage.
The magic dart hits the gnoll.
The gnoll is lightly wounded.
The magic dart hits the gnoll.
The gnoll is moderately wounded.
The magic dart hits the gnoll.
The gnoll is moderately wounded.
You miscast Magic Dart.
You are very lightly contaminated with residual magic.
Nothing appears to happen.
The gnoll barely misses you.
The magic dart hits the gnoll.
The gnoll is heavily wounded.
The gnoll barely misses you.
The magic dart hits the gnoll but does no damage.
The gnoll is heavily wounded.
* * * LOW MAGIC WARNING * * *
The gnoll closely misses you.
The magic dart hits the gnoll but does no damage.
The gnoll is heavily wounded.
* * * LOW MAGIC WARNING * * *
The gnoll closely misses you.
You are too depleted to draw on your mana recklessly!
You are too depleted to draw on your mana recklessly!
Found a buckler.
Your magical contamination has completely faded away.
There is an open door here.
The gnoll closely misses you.
There is an open door here.
The magic dart hits the gnoll.
The gnoll is heavily wounded.
The magic dart hits the gnoll but does no damage.
The gnoll is heavily wounded.
The gnoll closely misses you.
The magic dart hits the gnoll.
The gnoll is severely wounded.
* * * LOW MAGIC WARNING * * *
The gnoll barely misses you.
The magic dart hits the gnoll but does no damage.
The gnoll is severely wounded.
* * * LOW MAGIC WARNING * * *
The gnoll hits you with a +0 whip.
You are too depleted to draw on your mana recklessly!
You hit the gnoll.
The gnoll is almost dead.
The gnoll barely misses you.
You hit the gnoll.
You kill the gnoll!
Sif Muna accepts your kill.
You see here a +0 buckler.
m - a +0 buckler You start resting.
HP restored.
You start resting.
Magic restored.
Unknown command.
Unknown command.
Okay, then.
Unknown command.
Unknown command.
Unknown command.
Unknown command.
Unknown command.
Unknown command.
Unknown command.
You start putting on your armour.
You continue putting on your +0 buckler. x4
You finish putting on your +0 buckler.
You are a level 4 Human Wanderer.
You are 51% of the way to level 5.
Play time: 00:04:49 (4027 turns).
Zot will find you in 19971 turns if you stay in this branch and explore no new floors.
Unknown command.
Unknown command.
You aren't wearing any rings or amulets.
You start removing your armour.
You continue taking off your +0 buckler. x4
You finish taking off your +0 buckler.
You open the door.
There is an open door here.
A zombie and a skeleton come into view.
There are monsters nearby!
There are monsters nearby!
There are monsters nearby!
The magic dart hits the goblin zombie.
The goblin zombie is lightly damaged.
You miscast Magic Dart.
You are very lightly contaminated with residual magic.
Nothing appears to happen.
A hobgoblin zombie comes into view.
Your magical contamination has completely faded away.
There is an open door here.
The magic dart hits the orc skeleton.
The orc skeleton is heavily damaged.
The magic dart hits the orc skeleton.
You destroy the orc skeleton!
Sif Muna accepts your kill.
The magic dart hits the goblin zombie.
The goblin zombie is severely damaged.
The magic dart hits the goblin zombie.
You destroy the goblin zombie!
Sif Muna accepts your kill.
You can't see any susceptible monsters within range! (Use Z to cast anyway.)
You can't see any susceptible monsters within range! (Use Z to cast anyway.)
You can't see any susceptible monsters within range! (Use Z to cast anyway.)
There is an open door here.
A hobgoblin zombie is nearby!
A hobgoblin zombie is nearby!
A hobgoblin zombie is nearby!
The magic dart hits the hobgoblin zombie.
The hobgoblin zombie is moderately damaged.
You miscast Magic Dart.
You are very lightly contaminated with residual magic.
Nothing appears to happen.
The magic dart hits the hobgoblin zombie.
The hobgoblin zombie is heavily damaged.
The magic dart hits the hobgoblin zombie.
The hobgoblin zombie is almost destroyed.
The magic dart hits the hobgoblin zombie.
You destroy the hobgoblin zombie!
Sif Muna accepts your kill.
You can't see any susceptible monsters within range! (Use Z to cast anyway.)
Your magical contamination has completely faded away.
A goblin skeleton comes into view.
A goblin skeleton is nearby!
A goblin skeleton is nearby!
A goblin skeleton is nearby!
The magic dart hits the goblin skeleton.
The goblin skeleton is lightly damaged.
The magic dart hits the goblin skeleton.
The goblin skeleton is heavily damaged.
The magic dart hits the goblin skeleton.
You destroy the goblin skeleton!
Sif Muna accepts your kill.
You can't see any susceptible monsters within range! (Use Z to cast anyway.)
You can't see any susceptible monsters within range! (Use Z to cast anyway.)
You can't see any susceptible monsters within range! (Use Z to cast anyway.)
A crimson imp comes into view.
Found a glowing golden altar of the Shining One.
The crimson imp moves out of view.
The crimson imp blinks!
A crimson imp and a zombie come into view.
A hobgoblin zombie is nearby!
A hobgoblin zombie is nearby!
The magic dart hits the hobgoblin zombie.
The hobgoblin zombie is lightly damaged.
A gnoll comes into view. It is wielding a +0 halberd.
The magic dart hits the crimson imp.
The crimson imp is moderately wounded.
The gnoll shouts!
The magic dart hits the crimson imp.
The crimson imp is heavily wounded.
An orc skeleton comes into view.
You miscast Magic Dart.
You are very lightly contaminated with residual magic.
Nothing appears to happen.
The crimson imp hits you but does no damage.
Your magical contamination has completely faded away.
The crimson imp blinks!
The crimson imp blinks!
There is an open door here.
There is an open door here.
There is an open door here.
There is an open door here.
You start waiting.
A gnoll is nearby!
The magic dart hits the gnoll.
The gnoll is lightly wounded.
The magic dart hits the gnoll but does no damage.
The gnoll is lightly wounded.
The crimson imp blinks!
The magic dart hits the gnoll but does no damage.
The gnoll is lightly wounded.
The magic dart hits the gnoll.
The gnoll is moderately wounded.
There is a stone staircase leading up here.
The magic dart hits the gnoll.
The gnoll is moderately wounded.
The magic dart hits the gnoll but does no damage.
The gnoll is moderately wounded.
The gnoll hits you from afar with a +0 halberd!
You are too injured to fight recklessly!
The gnoll closely misses you.
You climb upwards.
There is a stone staircase leading down here.
You start resting.
Magic restored.
You start resting.
HP restored.
There is an escape hatch in the ceiling here.
There is a stone staircase leading down here.
You climb downwards.
There is a stone staircase leading up here.
Found a scale mail.
c - 2 scrolls of teleportation (gained 1) 2 jackals and a hobgoblin come into view.
Found a stone staircase leading down.
The jackal barks!
The hobgoblin shouts!
There are monsters nearby!
There are monsters nearby!
The jackal bites you.
The magic dart hits the jackal.
The jackal is lightly wounded.
The jackal bites you.
The jackal bites you but does no damage.
The magic dart hits the jackal.
The jackal is almost dead.
The jackal closely misses you.
The magic dart hits the jackal.
You kill the jackal!
Sif Muna accepts your kill.
The magic dart hits the hobgoblin.
The hobgoblin is moderately wounded.
The hobgoblin hits you.
The magic dart hits the hobgoblin.
The hobgoblin is severely wounded.
The hobgoblin hits you.
The magic dart hits the hobgoblin but does no damage.
The hobgoblin is severely wounded.
The hobgoblin barely misses you.
The magic dart hits the hobgoblin but does no damage.
The hobgoblin is severely wounded.
* * * LOW MAGIC WARNING * * *
The hobgoblin hits you.
You are too injured to fight recklessly!
You are too injured to fight recklessly!
You are too injured to fight recklessly!
Casting: Magic Dart (safe; 6% risk of failure)
Confirm with . or Enter, or press ? or * to list all spells.
Aiming: Magic Dart (safe; 6% risk of failure)
Press: ? - help, Shift-Dir - straight line, f/p - hobgoblin
Aim: a hobgoblin (severely wounded, 100% to hit)
The magic dart hits the hobgoblin.
The hobgoblin is almost dead.
* * * LOW MAGIC WARNING * * *
The hobgoblin hits you.
* * * LOW HITPOINT WARNING * * *
You hit the hobgoblin.
You kill the hobgoblin!
Sif Muna accepts your kill.
You start resting.
Magic restored.
You start resting.
HP restored.
A hound comes into view.
A hound is nearby!
A hound is nearby!
A hound is nearby!
Okay, then.
Okay, then.
The hound barks!
A hound is nearby!
A hound is nearby!
The magic dart hits the hound.
The hound is lightly wounded.
The magic dart hits the hound but does no damage.
The hound is lightly wounded.
The magic dart hits the hound.
The hound is lightly wounded.
The hound bites you but does no damage. The hound bites you.
The magic dart hits the hound.
The hound is moderately wounded.
The hound bites you.
The magic dart hits the hound.
The hound is heavily wounded.
The hound bites you. x2
The magic dart hits the hound.
The hound is severely wounded.
The hound bites you.
You are too injured to fight recklessly!
You are too injured to fight recklessly!
You are too injured to fight recklessly!
You are too injured to fight recklessly!
You are too injured to fight recklessly!
You barely miss the hound.
The hound is heavily wounded.
The hound closely misses you. The hound bites you.
You hit the hound but do no damage.
The hound is heavily wounded.
The hound bites you.
You hit the hound but do no damage.
The hound is heavily wounded.
The hound completely misses you. The hound bites you.
* * * LOW HITPOINT WARNING * * *
You barely miss the hound.
The hound is heavily wounded.
The hound barely misses you.
You miss the hound.
The hound is heavily wounded.
The hound bites you.
* * * LOW HITPOINT WARNING * * *
The hound barely misses you.
You hit the hound but do no damage.
The hound is heavily wounded.
The hound barely misses you.
You hit the hound.
The hound is heavily wounded.
The hound bites you.
* * * LOW HITPOINT WARNING * * *
The hound bites you.
* * * LOW HITPOINT WARNING * * *
You hit the hound.
The hound is severely wounded.
The hound bites you.
* * * LOW HITPOINT WARNING * * *
You barely miss the hound.
The hound is severely wounded.
The hound bites you.
* * * LOW HITPOINT WARNING * * *
The hound bites you.
You die...

.# .# .. .# #.#
#+ ..# #.
#######h# #.
####.....@.# #.
#.†...###.##
#.###.##....#.#
#.....###.#.#.#
#g##### #.#[#.#
... #.....#
##.. ####.###


#gh #....# ..> #.#### You could see a hound.

Vanquished Creatures
  A gnoll (D:4)
  An adder (D:3)
  An adder skeleton (D:4)
  A dart slug (D:4)
  5 ball pythons
  4 bats
  5 endoplasms
  2 giant cockroaches
  4 goblins
  9 hobgoblins
  4 jackals
  5 kobolds
  A frilled lizard (D:1)
  A goblin skeleton (D:4)
  A goblin zombie (D:4)
  A hobgoblin zombie (D:4)
  A kobold skeleton (D:4)
  An orc skeleton (D:4)
  4 rats
52 creatures vanquished.

Notes
Turn   | Place    | Note
-------+----------+-------------------------------------------
     0 | D:1      | sleeves the Human Wanderer began the quest for the Orb.
     0 | D:1      | sleeves set off with the following items: a +0 dagger, a +0
                  | robe, a scroll of teleportation; and the following spells
                  | available to memorise: Call Imp, Magic Dart, Blink, Slow,
                  | Conjure Flame, Dazzling Flash, Mephitic Cloud
     0 | D:1      | Reached XP level 1. HP: 16/16 MP: 4/4
     2 | D:1      | Learned a level 1 spell: Magic Dart
   218 | D:1      | Reached skill level 1 in Conjurations
   350 | D:1      | HP: 8/16 [endoplasm (1)]
   352 | D:1      | Reached XP level 2. HP: 11/22 MP: 6/6
   648 | D:1      | HP: 10/22 [hobgoblin (3)]
   653 | D:1      | HP: 5/22 [hobgoblin (4)]
   654 | D:1      | HP: 2/22 [hobgoblin (4)]
   657 | D:1      | Reached skill level 2 in Conjurations
  1299 | D:1      | Reached XP level 3. HP: 27/27 MP: 4/7
  1734 | D:2      | Found a faded altar of an unknown god.
  2348 | D:2      | Reached skill level 3 in Conjurations
  2937 | D:3      | Found a basalt altar of Yredelemnul.
  3054 | D:3      | Found a shimmering blue altar of Sif Muna.
  3055 | D:3      | Found a hazy altar of Hepliaklqana.
  3057 | D:3      | Found a hide-covered altar of Uskayaw.
  3057 | D:3      | Found a broken altar of Ashenzari.
  3059 | D:3      | Found a glowing silver altar of Zin.
  3061 | D:3      | Found a sparkling altar of Nemelex Xobeh.
  3093 | D:3      | Became a worshipper of Sif Muna the Loreminder
  3291 | D:3      | Reached XP level 4. HP: 31/33 MP: 1/8
  3529 | D:3      | Found an ancient bone altar of Kikubaaqudgha.
  4186 | D:4      | Found a glowing golden altar of the Shining One.
  4452 | D:4      | HP: 16/33 [hobgoblin (4)]
  4621 | D:4      | HP: 16/33 [hound (1)]
  4626 | D:4      | HP: 6/33 [hound (3)]
  4627 | D:4      | Slain by a hound

Illustrated notes

Levels and vault maps discovered:
D:1:      ncdulo_smallfort, layout_basic
D:2:      layout_basic, basic_ecumenical_altar
D:3:      layout_rooms, grunt_temple_overflow_open,
          lemuel_coloured_pillars_altar, nicolae_overflow_crystal_walls
D:4:      layout_basic, nicolae_tso_besieged_by_evil,
          minmay_temple_entry_nine_rooms, lexackson_kobold_supper

Skill      XL: |  1  2  3 |
---------------+----------+-----
Conjurations   | 1 2 3 |  3.8
Fighting       | |  2.0
Armour         | |  1.0
Shields        | |  1.0
Spellcasting   | |  3.0
Summonings     | |  2.0
Evocations     | |  1.0

Action                   |  1- 3 |  4- 6 || total
-------------------------+-------+-------++-------
Melee: Dagger            |    49 |    12 ||    61
 Cast: Magic Dart        |    92 |    70 ||   162
Armor: Robe              |    14 |     3 ||    17
Dodge: Dodged            |    23 |    17 ||    40

Table legend: (Time is in decaauts)
 A = Elapsed time spent in this place.
 B = Non-inter-level travel time spent in this place.
 C = Inter-level travel time spent in this place.
 D = Time resting spent in this place.
 E = Time spent auto-exploring this place.
 F = Levels seen in this place.
 G = Mean time per level.
                   A        B        C        D        E       F      G
               +--------+--------+--------+--------+--------+-----+--------+
         Total |   4629 |   4472 |    157 |    948 |   2889 |   4 | 1157.2 |
       Dungeon |   4629 |   4472 |    157 |    948 |   2889 |   4 | 1157.2 |
               +--------+--------+--------+--------+--------+-----+--------+

Top non-repeatable levels by time:
     D:1: 1670 daAuts
     D:2: 1172 daAuts
     D:4: 901 daAuts
     D:3: 885 daAuts
